 Dungeon Crawl Stone Soup version 0.30-a0-12-gd8047c6341 (webtiles) character file.

Game seed: 4617315751989678931

111290 frimble the Black Belt (level 16, -15/127 HPs)
             Began as a Demonspawn Air Elementalist on Aug 23, 2022.
             Was an Elder of Cheibriados.
             Demolished by a salamander
             ... wielding a +0 halberd
              (28 damage)
             ... on level 1 of the Snake Pit.
             The game lasted 00:58:02 (22921 turns).

frimble the Black Belt (DsAE)                      Turns: 22921, Time: 00:58:02

Health: -15/127    AC: 10    Str: 22    XL:     16   Next: 9%
Magic:  20/25      EV: 17    Int: 33    God:    Cheibriados [****..]
Gold:   2836       SH: 10    Dex: 26    Spells: 16/19 levels left

rFire   + . .      SeeInvis +      - Unarmed
rCold   + . .      Faith    .    r - +3 warlock's mirror {reflect}
rNeg    . . .      Spirit   .    x - +2 leather armour of Koall {rElec}
rPois   +          Reflect  +    E - +2 hat of Mental Paralysis {+Blink Int+4 SInv}
rElec   +          Harm     .    A - scarf {rC+ rF+}
rCorr   +          Rampage  .    (no gloves)
Will    +....                    (no boots)
Stlth   ++++......               p - amulet of regeneration
HPRegen 3.11/turn                h - ring of poison resistance
MPRegen 0.19/turn                J - ring of Kibikk {rCorr Slay+3}

@: constricted, very slow
A: claws 2, slimy green scales 2, foul stench 2, powered by death 3
a: Renounce Religion, Evoke Blink, Bend Time, Temporal Distortion, Slouch


You were on level 1 of the Snake Pit.
You worshipped Cheibriados.
Cheibriados was greatly pleased with you.
You visited 4 branches of the dungeon, and saw 23 of its levels.
You also visited: Ice Cave.

You collected 3316 gold pieces.
You spent 480 gold pieces at shops.

Inventory:

Hand Weapons
 a - a +2 dagger of venom
Missiles
 w - 5 throwing nets
Armour
 r - the +3 warlock's mirror (worn) {reflect}
   (You acquired it on level 2 of the Dungeon)

   It can block and reflect piercing ranged attacks and magical attacks against
   the wielder's willpower.
 x - the +2 leather armour of Koall (worn) {rElec}
   (You took it off an orc on level 3 of the Dungeon)

   rElec:     It insulates you from electricity.
 A - a scarf of resistance (worn)
 B - a +2 kite shield of reflection
 C - a +2 tower shield of cold resistance
 E - the +2 hat of Mental Paralysis (worn) {+Blink Int+4 SInv}
   (You acquired it on level 9 of the Dungeon)

   Int:       It affects your intelligence (+4).
   SInv:      It lets you see invisible.
   +Blink:    It lets you blink.
 L - a +1 troll leather armour
Jewellery
 h - a ring of poison resistance (left claw)
 p - an amulet of regeneration (around neck)
 q - a +4 ring of protection
 y - a ring of ice
 J - the ring of Kibikk (right claw) {rCorr Slay+3}
   (You acquired it on level 9 of the Dungeon)

   [ring of resist corrosion]

   Slay:      It affects your accuracy & damage with ranged weapons and melee
   (+3).
   rCorr:     It protects you from acid and corrosion.
 P - a ring of ice
 R - a +6 ring of intelligence
Wands
 d - a wand of digging (12)
 u - a wand of mindburst (8)
 F - a wand of flame (24)
Scrolls
 c - 7 scrolls of vulnerability
 g - 6 scrolls of amnesia
 j - 2 scrolls of poison
 m - a scroll of torment
 n - 3 scrolls of blinking
 s - 4 scrolls of fear
 t - 9 scrolls of magic mapping
 H - a scroll of teleportation
 K - 5 scrolls of enchant weapon
 O - 2 scrolls of fog
 Q - a scroll of identify
 S - a scroll of brand weapon
 T - a scroll of summoning
Potions
 b - a potion of magic
 e - 3 potions of ambrosia
 f - 6 potions of might
 i - 7 potions of brilliance
 k - 3 potions of mutation
 l - 2 potions of lignification
 o - 2 potions of curing
 v - 6 potions of heal wounds
 z - 8 potions of flight
 D - a potion of resistance
 G - 4 potions of attraction
 I - 2 potions of haste
 N - 3 potions of berserk rage
Miscellaneous
 M - a box of beasts


   Skills:
 + Level 11.7 Fighting
 - Level 10.0 Short Blades
 + Level 9.1 Dodging
 - Level 5.7 Stealth
 + Level 6.4 Shields
 - Level 16.0 Unarmed Combat
 - Level 2.0 Spellcasting
 - Level 4.0 Conjurations
 - Level 2.1 Translocations
 - Level 5.0 Air Magic
 - Level 12.0 Invocations
 - Level 5.4 Evocations


You had 16 spell levels left.
You knew the following spells:

 Your Spells              Type           Power      Damage    Failure   Level
a - Shock                 Conj/Air       100%       1d9       1%          1
b - Blink                 Tloc           34%        N/A       6%          2

Your spell library contained the following spells:

 Spells                   Type           Power      Damage    Failure   Level
 Static Discharge         Conj/Air       33%        3-8/arc   2%          2
 Swiftness                Air            36%        N/A       3%          3
 Apportation              Tloc           34%        N/A       4%          1
 Foxfire                  Conj/Fire      64%        2x1d7     4%          1
 Poisonous Vapours        Pois/Air       38%        N/A       4%          2
 Necrotise                Necr           12%        1d4       10%         1
 Sting                    Tmut/Pois      12%        1d3       10%         1
 Lesser Beckoning         Tloc           17%        N/A       12%         3
 Airstrike                Air            18%        2d(3-19)  12%         4
 Ensorcelled Hibernation  Hex/Ice        6%         N/A       14%         2
 Ignite Poison            Fire/Tmut/Pois 3%         N/A       28%         3
 Spider Form              Tmut/Pois      3%         N/A       28%         3
 Vampiric Draining        Necr           3%         2d6       28%         3
 Summon Lightning Spire   Summ/Air       19%        N/A       32%         4
 Lightning Bolt           Conj/Air       16%        1d30      38%         5
 Iskenderun's Battlesphe  Conj           30%        2d8       45%         5
 Anguish                  Hex/Necr       1%         N/A       67%         4
 Olgreb's Toxic Radiance  Pois           3%         N/A       67%         4
 Manifold Assault         Tloc           17%        N/A       73%         5
 Fireball                 Conj/Fire      8%         3d6       75%         5
 Conjure Ball Lightning   Conj/Air       16%        3x3d6     92%         6
 Agony                    Necr           3%         N/A       95%         5
 Alistair's Intoxication  Tmut/Pois      2%         N/A       95%         5
 Orb of Destruction       Conj           15%        9d7       100%        7
 Storm Form               Tmut/Air       9%         N/A       100%        7
 Maxwell's Capacitive Co  Air            18%        ∞         100%        8


Dungeon Overview and Level Annotations

Branches:
Dungeon (15/15)            Temple (0/1) D:6            Lair (5/5) D:11
 Shoals (0/4) Lair:2        Snake (1/4) Lair:2        Slime (0/5) Lair:4
    Orc (2/2) D:11            Elf (0/3) Orc:2        Vaults (0/5) D:13
 Depths (0/4) D:15          IceCv (visited)

Altars:
Cheibriados
Dithmenos
Gozag
Makhleb
Qazlal
Sif Muna
Trog
Vehumet
Wu Jian

Shops:
D:12 [   Orc:2 [*((

Annotations:
D:8 4 runed translucent doors
D:12 3 runed translucent doors, clovenhoof's ghost, journeyman DrVM
D:13 2 transporters, SkeletonJelly's ghost, journeyman MiFi
Lair:4 2 transporters, exclusions: ice statue and oklob plant, Beilucy's ghost, journeyman FoFi
Lair:5 1 runed translucent door, Adrian566's ghost, journeyman HOGl


Innate Abilities, Weirdness & Mutations

You have very sharp fingernails.
You are mostly covered in slimy green scales. (AC +3)
You sometimes emit foul miasma when damaged in melee.
You regenerate a lot of health from kills.


Message History

The naga warrior constricts you.
You are too injured to fight recklessly!
You are too injured to fight recklessly!
You are too injured to fight recklessly!
You are too injured to fight recklessly!
You are too injured to fight recklessly!
You are too injured to fight recklessly!
You are too injured to fight recklessly!
You are too injured to fight recklessly!
You are too injured to fight recklessly!
You are too injured to fight recklessly!
Activating: Slouch (1% risk of failure)
Press: ? - help, Dir - look around, f - activate You can feel time thicken for a moment.
You can no longer step out of the flow of time.
Cheibriados lowers the support of your attributes as your movement quickens.
The guardian serpent coils itself and waves its upper body at you.
The bolt of poison hits you but does no damage.
You resist.
The salamander hits you from afar with a +0 halberd.
You are engulfed in flames!
You resist.
The naga warrior hits you with a +0 short sword!!
The naga warrior constricts you.
The guardian serpent coils itself and waves its upper body at you.
Your +3 warlock's mirror {reflect} reflects the bolt of poison!
The bolt of poison hits the guardian serpent!
You barely miss the guardian serpent.
The guardian serpent is almost dead.
You block the salamander's attack. The guardian serpent hits you!!
* * * LOW HITPOINT WARNING * * *
You claw the guardian serpent!
You kill the guardian serpent!
Cheibriados thoroughly appreciates the change of pace.
The naga warrior hits you with a +0 short sword!!
* * * LOW HITPOINT WARNING * * *
The naga warrior constricts you.
* * * LOW HITPOINT WARNING * * *
The naga barely misses you.
The salamander hits you from afar with a +0 halberd!!
You die...

. #####...# .
#....##
#..######.....#
####
..............#
...#
...####..#...##...#
##....[.....
####...#.#.#
#........#.#
#...######.@.# ....
#N.N# ##. ##.N# #
#..# .... .#### .
##


You could see a naga warrior, a salamander (strong) and a naga (strong).

Vanquished Creatures
  Agnes (Snake:1)
  A stone giant (D:15)
  A very ugly thing (IceCv)
  Josephine (Orc:1)
  Fannar (Lair:1)
  4 vault guards (D:13)
  7 hydras
  An ice dragon (Orc:1)
  Harold (D:11)
  4 catoblepae
  2 anacondas (Snake:1)
  4 boulder beetles
  A centaur warrior (D:14)
  13 two-headed ogres
  2 ogre magi
  An alligator (Lair:3)
  A naga warrior (Snake:1)
  12 death yaks (Lair:5)
  4 shock serpents (Snake:1)
  5 orc high priests (Orc:2)
  5 naga sharpshooters (Snake:1)
  Nergalle (D:11)
  Amaemon (Lair:1)
  A goliath frog (Lair:3)
  2 naga ritualists (Snake:1)
  3 swamp dragons (Lair:3)
  Pikel (D:6)
  3 wizards
  10 orc knights
  4 mana vipers (Snake:1)
  4 deep elf pyromancers
  An orc sorcerer (Orc:1)
  2 cyclopes
  4 manticores
  A merfolk siren (Lair:2)
  8 ugly things
  5 elephants (Lair:3)
  17 black mambas
  A guardian serpent (Snake:1)
  An orange demon (Lair:1)
  4 naga magi (Snake:1)
  8 cane toads
  2 rime drakes
  Psyche (D:11)
  11 komodo dragons
  4 kobold demonologists
  An anaconda simulacrum (IceCv)
  A golden dragon simulacrum (IceCv)
  9 trolls
  4 polar bears
  A tyrant leech (Lair:3)
  A hornet (D:10)
  Grinder (D:4)
  18 blink frogs
  6 slime creatures
  8 dream sheep
  2 shadows
  A ynoxinul (D:10)
  7 wyverns
  41 yaks
  A dire elephant simulacrum (IceCv)
  3 vampires
  6 wraiths
  A water elemental (D:12)
  A golden eye (Lair:5)
  3 basilisks
  2 vampire mosquitoes (D:13)
  A warg (Orc:1)
  Menkaure (D:7)
  A harpy simulacrum (IceCv)
  11 nagas (Snake:1)
  4 swamp worms (Lair:3)
  10 water moccasins
  A swamp drake (Lair:3)
  6 black bears
  2 alligator simulacra (IceCv)
  2 ice beasts (D:7)
  41 orc warriors
  An ettin simulacrum (IceCv)
  6 ogres
  5 wolves (Lair:1)
  9 centaurs
  A phantom (D:4)
  Blork the orc (D:5)
  4 kobold brigands
  7 bullfrogs
  A necrophage (D:5)
  A gnoll sergeant (D:7)
  5 scorpions
  6 wights
  A lindwurm simulacrum (IceCv)
  5 killer bees (D:9)
  7 howler monkeys
  7 electric eels (D:12)
  A crimson imp (D:9)
  3 hounds
  2 jellies
  25 orc priests
  A gnoll bouda (D:8)
  21 orc wizards
  6 gnolls
  7 adders
  2 shadow imps
  2 white imps
  3 worms
  3 dart slugs
  103 orcs
  8 ball pythons
  6 endoplasms
  3 giant cockroaches
  13 hobgoblins
  5 jackals (D:3)
  5 quokkas
  4 bats
  4 frilled lizards
  9 goblins
  3 hobgoblin zombies (D:5)
  20 kobolds
  An orc zombie (D:5)
  6 rats
703 creatures vanquished.

Vanquished Creatures (collateral kills)
  A komodo dragon (Lair:1)
  A troll (Orc:1)
2 creatures vanquished.

Vanquished Creatures (others)
  A yak (Lair:3)
  An orc priest (Orc:2)
  An orc wizard (D:11)
  2 orcs (Orc:1)
  6 demonic plants (D:2)
  64 fungi
  82 plants
  A withered plant (D:2)
158 creatures vanquished.

Grand Total: 863 creatures vanquished

Notes
Turn   | Place    | Note
-------+----------+-------------------------------------------
     0 | D:1      | frimble the Demonspawn Air Elementalist began the quest for
                  | the Orb.
     0 | D:1      | Reached XP level 1. HP: 13/13 MP: 3/3
   245 | D:1      | Gained mutation: You regenerate a little health from kills.
                  | [demonic ancestry]
   245 | D:1      | Reached XP level 2. HP: 8/19 MP: 0/5
   638 | D:1      | Reached skill level 1 in Short Blades
   945 | D:1      | Gained mutation: You have sharp fingernails. [demonic
                  | ancestry]
   945 | D:1      | Reached XP level 3. HP: 24/24 MP: 1/6
  1721 | D:2      | Found a faded altar of an unknown god.
  1891 | D:2      | Found a radiant altar of Vehumet.
  2232 | D:3      | Identified 3 scrolls of acquirement
  2232 | D:3      | Acquired 778 gold pieces
  2410 | D:3      | Reached skill level 1 in Fighting
  2416 | D:2      | Acquired the +3 warlock's mirror {reflect}
  2416 | D:2      | Found the +3 warlock's mirror {reflect}
  2418 | D:2      | Acquired an amulet of regeneration
  2473 | D:3      | Reached XP level 4. HP: 32/32 MP: 4/7
  2522 | D:3      | Identified the +2 leather armour of Koall {rElec}
  3034 | D:3      | Reached skill level 1 in Shields
  3400 | D:4      | Noticed Grinder
  3404 | D:4      | Paralysed by Grinder for 2 turns
  3407 | D:4      | Killed Grinder
  3408 | D:4      | Reached XP level 5. HP: 13/37 MP: 8/8
  3408 | D:4      | Gained mutation: You may rarely emit foul miasma when
                  | damaged in melee. [demonic ancestry]
  3408 | D:4      | Reached XP level 6. HP: 15/43 MP: 9/9
  3562 | D:4      | You fall into a shaft and drop 2 floors!
  3579 | D:6      | Noticed Pikel
  3596 | D:6      | Killed Pikel
  3597 | D:6      | Reached skill level 5 in Short Blades
  3597 | D:6      | Reached XP level 7. HP: 41/48 MP: 1/10
  3876 | D:5      | Entered Level 5 of the Dungeon
  3894 | D:5      | Reached skill level 5 in Shields
  4216 | D:4      | Reached XP level 8. HP: 54/54 MP: 11/11
  4516 | D:4      | Identified the +0 helmet "Otulank" {Dex+4}
  4928 | D:5      | Noticed Blork the orc
  4943 | D:5      | Killed Blork the orc
  5463 | D:5      | Found a burning altar of Makhleb.
  5761 | D:6      | Found a staircase to the Ecumenical Temple.
  5808 | D:6      | Gained mutation: You are partially covered in slimy green
                  | scales. (AC +2) [demonic ancestry]
  5808 | D:6      | Reached XP level 9. HP: 66/66 MP: 12/12
  6102 | D:7      | Noticed Menkaure
  6233 | D:7      | Found an ornate altar of the Wu Jian Council.
  6240 | D:7      | Found a shadowy altar of Dithmenos.
  6240 | D:7      | Found a snail-covered altar of Cheibriados.
  6241 | D:7      | Found an opulent altar of Gozag.
  6243 | D:7      | Found a stormy altar of Qazlal.
  6431 | D:7      | Reached skill level 5 in Fighting
  6663 | D:7      | Killed Menkaure
  6958 | D:8      | Reached skill level 1 in Evocations
  7173 | D:8      | Found a huge runed translucent gate.
  7173 | D:8      | Found a huge runed translucent gate.
  7173 | D:8      | Found a huge runed translucent gate.
  7173 | D:8      | Found a huge runed translucent gate.
  7173 | D:8      | Noticed a polar bear
  7173 | D:8      | Noticed a polar bear
  7173 | D:8      | Noticed a polar bear
  7362 | D:8      | Noticed a two-headed ogre
  7374 | D:8      | Killed a two-headed ogre
  7586 | D:8      | Gained mutation: You regenerate health from kills. [demonic
                  | ancestry]
  7586 | D:8      | Reached XP level 10. HP: 34/76 MP: 13/13
  7656 | D:7      | Reached skill level 5 in Air Magic
  8439 | D:9      | Acquired the ring of Kibikk {rCorr Slay+3}
  8441 | D:9      | Acquired the +2 hat of Mental Paralysis {+Blink Int+4 SInv}
  8493 | D:9      | Reached skill level 5 in Stealth
  8542 | D:9      | Reached skill level 5 in Evocations
  8715 | D:7      | Became a worshipper of Cheibriados the Contemplative
  9132 | D:10     | Entered Level 10 of the Dungeon
  9559 | D:10     | Found a shimmering blue altar of Sif Muna.
  9566 | D:10     | Got Sif Muna's Catalogue of the Volcanoes
  9571 | D:10     | Found a bloodstained altar of Trog.
  9589 | D:10     | Gained mutation: You regenerate a lot of health from kills.
                  | [demonic ancestry]
  9589 | D:10     | Reached XP level 11. HP: 64/85 MP: 14/14
  9665 | D:10     | Reached * piety under Cheibriados
  9996 | D:11     | Noticed Psyche
  9996 | D:11     | Noticed a six-headed hydra
 10002 | D:11     | Learned a level 2 spell: Blink
 10091 | D:11     | Reached skill level 1 in Translocations
 10101 | D:11     | Noticed a sixfirhy
 10101 | D:11     | Noticed a sixfirhy
 10149 | D:11     | Reached skill level 1 in Invocations
 10166 | D:11     | Reached ** piety under Cheibriados
 10169 | D:11     | Killed Psyche
 10390 | D:11     | Noticed a two-headed ogre
 10395 | D:11     | Killed a two-headed ogre
 10396 | D:11     | Reached skill level 10 in Short Blades
 10431 | D:11     | Noticed a two-headed ogre
 10455 | D:11     | Killed a two-headed ogre
 10456 | D:11     | Reached skill level 1 in Unarmed Combat
 10491 | D:11     | Noticed Harold
 10515 | D:11     | Killed Harold
 10516 | D:11     | Reached skill level 5 in Invocations
 10728 | D:11     | Found a staircase to the Lair.
 10768 | D:11     | Noticed Nergalle
 10790 | D:11     | Killed Nergalle
 10791 | D:11     | Reached skill level 2 in Unarmed Combat
 10885 | D:11     | Reached *** piety under Cheibriados
 10934 | D:11     | Found a staircase to the Orcish Mines.
 11105 | D:12     | Noticed a six-headed hydra
 11139 | Lair:1   | Entered Level 1 of the Lair of Beasts
 11383 | Lair:1   | Reached skill level 3 in Unarmed Combat
 11447 | Lair:1   | Noticed Amaemon
 11465 | Lair:1   | Killed Amaemon
 11466 | Lair:1   | Gained mutation: You have very sharp fingernails. [demonic
                  | ancestry]
 11466 | Lair:1   | Reached XP level 12. HP: 80/94 MP: 13/16
 11803 | Lair:1   | Reached **** piety under Cheibriados
 11853 | Lair:1   | Noticed Fannar
 11857 | Lair:1   | Killed Fannar
 11858 | Lair:1   | Reached skill level 4 in Unarmed Combat
 12369 | Lair:2   | Found a staircase to the Snake Pit.
 12662 | Lair:2   | Reached skill level 5 in Dodging
 12781 | Lair:2   | Found a staircase to the Shoals.
 13228 | Lair:3   | Noticed a catoblepas
 13257 | Lair:3   | Killed a catoblepas
 13258 | Lair:3   | Reached skill level 5 in Unarmed Combat
 13361 | Lair:3   | Reached skill level 10 in Fighting
 13523 | Lair:3   | Reached ***** piety under Cheibriados
 13659 | Lair:3   | Reached skill level 6 in Unarmed Combat
 13794 | Lair:3   | Reached XP level 13. HP: 95/103 MP: 20/20
 13872 | Lair:3   | Reached skill level 10 in Invocations
 13924 | Lair:3   | Identified the +3 plate armour of the Sharp God {Rampage
                  | rElec rC+ Str+4}
 14285 | Lair:4   | Found a transporter.
 14354 | Lair:4   | Noticed Beilucy's ghost (journeyman FoFi)
 14383 | Lair:4   | Found a transporter.
 14849 | Lair:4   | Found a staircase to the Slime Pits.
 15009 | Lair:4   | Reached skill level 7 in Unarmed Combat
 15262 | Lair:5   | Entered Level 5 of the Lair of Beasts
 15577 | Lair:5   | Reached skill level 8 in Unarmed Combat
 15656 | Lair:5   | Reached skill level 9 in Unarmed Combat
 15743 | Lair:5   | Identified the +8 rapier of Xinuri {freeze, Will++ Dex-3}
 15860 | Lair:5   | Reached skill level 10 in Unarmed Combat
 15879 | Lair:5   | Gained mutation: You are mostly covered in slimy green
                  | scales. (AC +3) [demonic ancestry]
 15879 | Lair:5   | Reached XP level 14. HP: 48/110 MP: 23/23
 16123 | Lair:5   | Found a runed translucent door.
 16126 | Lair:5   | Noticed Adrian566's ghost (journeyman HOGl)
 16132 | Lair:5   | Identified the +4 spear of Ruination {speed, rElec rPois}
 16393 | Lair:5   | Reached skill level 11 in Unarmed Combat
 16521 | Lair:5   | Identified the +9 morningstar of the Blushing Gods {pain,
                  | Int+4 Stlth+}
 17038 | D:12     | Noticed clovenhoof's ghost (journeyman DrVM)
 17050 | D:12     | Found a runed translucent gate.
 17050 | D:12     | Found a runed translucent gate.
 17051 | D:12     | Noticed a frost giant
 17052 | D:12     | Found a runed translucent gate.
 17145 | D:12     | Found Galoaluj's Antique Armour Shoppe.
 17372 | D:13     | Reached skill level 12 in Unarmed Combat
 17700 | D:13     | Found a transporter.
 17705 | D:13     | Noticed SkeletonJelly's ghost (journeyman MiFi)
 17706 | D:13     | Noticed a storm dragon
 17714 | D:13     | Found a transporter.
 17772 | D:13     | Found a gate to the Vaults.
 18148 | D:13     | Reached skill level 13 in Unarmed Combat
 18161 | D:13     | Noticed a storm dragon
 18214 | D:14     | Found a frozen archway.
 18221 | IceCv    | Entered an ice cave
 18221 | IceCv    | Noticed a white very ugly thing
 18241 | IceCv    | Killed a white very ugly thing
 18265 | IceCv    | Found a transporter.
 18283 | IceCv    | Noticed a white very ugly thing
 18292 | IceCv    | Found a transporter.
 18370 | D:14     | Found a burning altar of Makhleb.
 18608 | D:14     | Reached skill level 14 in Unarmed Combat
 19033 | D:15     | Entered Level 15 of the Dungeon
 19147 | D:15     | Paralysed by an ogre mage for 3 turns
 19486 | D:15     | Reached XP level 15. HP: 115/115 MP: 24/24
 19531 | D:15     | Found a staircase to the Depths.
 19883 | D:15     | Reached skill level 15 in Unarmed Combat
 21084 | Orc:1    | Entered Level 1 of the Orcish Mines
 21093 | Orc:1    | Noticed Josephine
 21100 | Orc:1    | Killed Josephine
 21484 | Orc:2    | Entered Level 2 of the Orcish Mines
 21778 | Orc:2    | Found a staircase to the Elven Halls.
 21931 | Orc:2    | Reached skill level 16 in Unarmed Combat
 22136 | Orc:2    | Found Esorunutwu's General Store.
 22139 | Orc:2    | Found Dedali's Weapon Shoppe.
 22140 | Orc:2    | Found Qiec's Armour Emporium.
 22141 | Orc:2    | Found Niseush's Weapon Emporium.
 22144 | Orc:2    | Bought a scarf of resistance for 480 gold pieces
 22354 | Snake:1  | Entered Level 1 of the Snake Pit
 22613 | Snake:1  | Identified the +7 whip of Compulsion {flame, rC+ rN+ Str+4}
 22616 | Snake:1  | Noticed Agnes
 22623 | Snake:1  | Killed Agnes
 22735 | Snake:1  | Gained mutation: You sometimes emit foul miasma when
                  | damaged in melee. [demonic ancestry]
 22735 | Snake:1  | Reached XP level 16. HP: 126/126 MP: 25/25
 22921 | Snake:1  | Demolished by a salamander

Illustrated notes

Levels and vault maps discovered:
D:1:      psy_arrival_fountain, layout_basic
D:2:      layout_basic, shapermc_ecumenical_altar_gd, basic_altar, minivault_25
D:3:      layout_basic
D:4:      layout_basic, minmay_misc_feat_tiny, uniq_grinder
D:5:      layout_basic, amcnicky_altar_gilded, grunt_decor_fettered,
          st_stairs_4, corexii_leaking_fountain, kennysheep_decorative_pillar,
          grunt_ministairs_4, minmay_mini_ossuary, uniq_blork_the_orc
D:6:      layout_rooms, temple_pool_b, uniq_pikel
D:7:      layout_basic, minitemple, uniq_menkaure
D:8:      lemuel_bear_cage, layout_gridville
D:9:      layout_roguey, minmay_fire_ice_demons
D:10:     layout_roguey, nzn_overflow_gifts_of_might_and_magic
D:11:     layout_long_grid, due_lair_maze_entry_diamond, david_orc_4,
          uniq_harold, uniq_psyche, uniq_nergalle
D:12:     layout_basic, serial_shops, shop, gammafunk_ghost_split
D:13:     layout_loops_cross, lightli_vaults_fourway_checkpoint,
          gammafunk_ghost_arena, eino_small_chamber_without_monster
D:14:     layout_grid_maze, portal_ice_cave_entry_pillars_four,
          serial_bayou_pond_a, bloody_makhleb
D:15:     grunt_enter_depths_giant_problem, layout_cave_pods,
          nicolae_hexahallways
Lair:1:   layout_roguey, beast_lair_carwin_8, uniq_amaemon, uniq_fannar
Lair:2:   layout_regular_city, minmay_shoals_entry_lonely_mermaid,
          dummy_snake_entry, grunt_megastairs_4, infiniplex_staircase_pool_2
Lair:3:   onia_ninara_swampy_vault, layout_cave_pods
Lair:4:   layout_layer_cave, dpeg_slime_entry_enclosed, nzn_ghost_randoct
Lair:5:   evilmike_catoblepas_cave, layout_hall_layers,
          ebering_ghost_funeral_grove, patterned_corridor, lemuel_fruit_fields
Snake:1:  layout_misc_corridors, uniq_agnes
Orc:1:    layout_caves, basic_altar, uniq_josephine
Orc:2:    st_orc_pillars, layout_caves

Skill      XL: |  1  2  3  4  5  6  7  8  9 10 11 12 13 14 15 16 |
---------------+-------------------------------------------------+-----
Conjurations   | 2 3 4 |  4.0
Short Blades   | 1 3 5 6 7 9 10 | 10.0
Fighting       | 1 4 6 7 8 10 11 | 11.7
Shields        | 2 4 5 6 |  6.4
Air Magic      | 3 4 5 |  5.0
Stealth        | 3 5 |  5.7
Evocations     | 3 5 |  5.4
Translocations | 2 |  2.1
Invocations    | 6 9 12 | 12.0
Dodging        | 3 6 7 8 9 |  9.1
Unarmed Combat | 3 6 10 14 16 | 16.0
Spellcasting   | |  2.0

Action                   |  1- 3 |  4- 6 |  7- 9 | 10-12 | 13-15 | 16-18 || total
-------------------------+-------+-------+-------+-------+-------+-------++-------
Melee: Dagger            |    50 |    57 |   401 |  1120 |    58 |       ||  1686
       Unarmed           |     4 |       |       |       |  1189 |    34 ||  1227
       Hand axe          |    20 |       |       |       |       |       ||    20
       Punch             |     2 |     1 |       |       |       |       ||     3
 Cast: Shock             |    73 |    33 |    76 |    54 |    26 |       ||   262
       Blink             |       |       |       |     6 |    10 |       ||    16
Invok: Slouch            |       |       |       |       |    16 |     2 ||    18
       Step From Time    |       |       |       |       |     3 |       ||     3
       Temporal Distorti |       |       |       |       |     1 |       ||     1
 Abil: Evoke Blink       |       |       |       |       |     1 |       ||     1
Evoke: Wand              |       |     9 |     5 |    28 |    54 |       ||    96
       Box of beasts     |       |       |       |     2 |     4 |       ||     6
  Use: Potion            |     1 |       |       |     3 |     6 |       ||    10
       Scroll            |     9 |     3 |     6 |     7 |    16 |       ||    41
 Stab: Sleeping          |     3 |     2 |     3 |    14 |    15 |       ||    37
       Invisible         |       |       |     3 |     7 |    12 |       ||    22
       Distracted        |       |       |     1 |     1 |     2 |       ||     4
       Confused          |       |       |       |     1 |       |       ||     1
       Petrified         |       |       |       |     1 |       |       ||     1
Armor: Robe              |    13 |    19 |    19 |       |       |       ||    51
       Leather armour    |       |       |    85 |   227 |   236 |     2 ||   550
Dodge: Dodged            |    41 |    28 |   138 |   351 |   673 |    28 ||  1259
Block: Buckler           |       |     1 |   135 |   337 |   580 |    30 ||  1083
       Reflection        |       |       |    10 |    17 |    39 |    10 ||    76

Table legend: (Time is in decaauts)
 A = Elapsed time spent in this place.
 B = Non-inter-level travel time spent in this place.
 C = Inter-level travel time spent in this place.
 D = Time resting spent in this place.
 E = Time spent auto-exploring this place.
 F = Levels seen in this place.
 G = Mean time per level.
                   A        B        C        D        E       F      G
               +--------+--------+--------+--------+--------+-----+--------+
         Total |  29030 |  26949 |   2081 |    441 |  20698 |  24 | 1209.6 |
       Dungeon |  17889 |  16681 |   1208 |    431 |  12843 |  15 | 1192.6 |
          Lair |   8597 |   7858 |    739 |     10 |   6326 |   5 | 1719.4 |
     Snake Pit |    745 |    745 |      0 |      0 |    439 |   1 |  745.0 |
  Orcish Mines |   1687 |   1555 |    132 |      0 |   1075 |   2 |  843.5 |
      Ice Cave |    110 |    110 |      0 |      0 |     13 |   1 |  110.0 |
               +--------+--------+--------+--------+--------+-----+--------+

Top non-repeatable levels by time:
  Lair:5: 2093 daAuts
  Lair:3: 1980 daAuts
    D:15: 1854 daAuts
    D:11: 1717 daAuts
  Lair:4: 1679 daAuts
    D:13: 1678 daAuts
  Lair:2: 1569 daAuts
    D:12: 1406 daAuts
     D:1: 1336 daAuts
    D:14: 1324 daAuts
  Lair:1: 1274 daAuts
     D:9: 1129 daAuts
     D:2: 1061 daAuts
     D:3: 1057 daAuts
   Orc:2: 1017 daAuts
